 Dungeon Crawl Stone Soup version 0.27-a0-1324-ge0d8e047f6 (webtiles) character file.

Game seed: 10700973205367277918

550813 ziltoidlt the Cursed (level 26, 206/206 HPs)
             Began as a Gnoll Venom Mage on May 25, 2020.
             Was an Initiate of Ashenzari.
             Quit the game on level 15 of the Dungeon on June 23, 2021.
             The game lasted 09:24:29 (77779 turns).

ziltoidlt the Cursed (Gnoll Venom Mage)            Turns: 77779, Time: 09:24:30

Health: 206/206    AC: 49    Str: 23    XL:     26   Next: 31%
Magic:  48/48      EV: 10    Int: 12    God:    Ashenzari [......]
Gold:   9          SH: 31    Dex: 17    Spells: 16/59 levels left

rFire    + . .     SeeInvis +   b - +4 fustibalus (flame)
rCold    + . .     Faith    .   k - +10 tower shield of Ignorance {rN+ Int-4}
rNeg     + . .     Spirit   .   V - +12 gold dragon scales of the Shining Light {rPois rF+ rC+ Will++}
rPois    +         Reflect  .   l - +2 hat
rElec    +         Harm     .   W - +2 cloak of the Thief {*Fog Slay-2 SInv Stlth+}
rCorr    +         Rampage  .   r - +0 pair of gloves "Giynt" {rCorr Str+3}
Will     +++++     Rnd*Rage +   P - +2 pair of boots {Fly}
Stlth    ++........             A - necklace of Bloodlust {*Rage +Rage Will++ Int-3 Slay+6}
HPRegen  0.44/turn              J - ring "Ferussok" {+Inv rElec rPois Stlth+}
MPRegen  0.31/turn              y - ring of wizardry

@: studying Crossbows
A: fangs 1, strong nose, distributed training, molten scales 1, slimy green
scales 1, high mp 1, shaggy fur 1
}: 3/15 runes: decaying, silver, gossamer
a: Renounce Religion, Evoke Berserk Rage, Evoke Invisibility


You were on level 15 of the Dungeon.
You worshipped Ashenzari.
Ashenzari was noncommittal.
You visited 8 branches of the dungeon, and saw 42 of its levels.
You visited the Abyss 1 time.
You also visited: Trove, Gauntlet, Ice Cave and Volcano.

You collected 8600 gold pieces.
You spent 8591 gold pieces at shops.

Inventory:

Hand Weapons
 a - a +5 vorpal demon trident
 b - a +4 fustibalus of flaming (weapon)
Missiles
 g - 258 sling bullets (quivered ammo)
 t - 2 throwing nets
 G - 19 boomerangs
Armour
 k - the +10 tower shield of Ignorance (worn) {rN+ Int-4}
   (You bought it in a shop on level 4 of the Vaults)

   It affects your intelligence (-4).
   It protects you from negative energy.
 l - a +2 hat (worn)
 r - the +0 pair of gloves "Giynt" (worn) {rCorr Str+3}
   (You found it in a treasure trove)

   It affects your strength (+3).
   It protects you from acid and corrosion.
 P - a +2 pair of boots of flying (worn)
 V - the +12 gold dragon scales of the Shining Light (worn) {rPois rF+ rC+ Will++}
   (You found it in a treasure trove)

   It protects you from fire.
   It protects you from cold.
   It protects you from poison.
   It greatly increases your willpower.
 W - the +2 cloak of the Thief (worn) {*Fog Slay-2 SInv Stlth+}
   (You found it in a treasure trove)

   It affects your accuracy and damage with ranged weapons and melee attacks
   (-2).
   It lets you see invisible.
   It makes you more stealthy.
Magical Staves
 n - a staff of removedness
Jewellery
 y - a ring of wizardry (right hand)
 A - the necklace of Bloodlust (around neck) {*Rage +Rage Will++ Int-3 Slay+6}
   (You found it on level 14 of the Dungeon)

   [amulet of nothing]

   It affects your intelligence (-3).
   It affects your accuracy and damage with ranged weapons and melee attacks
   (+6).
   It lets you go berserk.
   It may make you go berserk in combat.
   It greatly increases your willpower.
 J - the ring "Ferussok" (left hand) {+Inv rElec rPois Stlth+}
   (You found it on level 2 of the Spider Nest)

   [ring of stealth]

   It insulates you from electricity.
   It protects you from poison.
   It lets you turn invisible.
   It makes you more stealthy.
Wands
 h - a wand of paralysis (41)
 x - a wand of removedness (10)
 F - a wand of digging (5)
 U - a wand of acid (7)
Scrolls
 d - 2 scrolls of holy word
 e - 14 scrolls of teleportation
 m - 8 scrolls of fear
 s - 6 scrolls of magic mapping
 u - a scroll of silence
 D - 8 scrolls of fog
 M - 9 scrolls of removedness
 N - 2 scrolls of summoning
 Y - 9 scrolls of blinking
 Z - 16 scrolls of identify
Potions
 f - a potion of mutation
 o - 6 potions of magic
 p - 7 potions of ambrosia
 v - 3 potions of attraction
 w - 3 potions of might
 z - 3 potions of haste
 B - 7 potions of heal wounds
 L - 15 potions of curing
 O - 11 potions of brilliance
 S - 8 potions of cancellation
 T - a potion of resistance
Miscellaneous
 j - a box of beasts
 q - a lightning rod (4/4)
 X - a phantom mirror
Comestibles
 c - 38 removed foods


   Skills:
 + Level 16.4 Fighting
 + Level 16.4 Short Blades
 + Level 16.4 Long Blades
 + Level 16.4 Axes
 + Level 16.4 Maces & Flails
 + Level 16.4 Polearms
 + Level 16.4 Staves
 + Level 16.4 Slings
 + Level 16.4 Bows
 + Level 17.3 Crossbows
 + Level 16.4 Throwing
 + Level 16.4 Armour
 + Level 16.9 Dodging
 + Level 16.8 Stealth
 + Level 16.4 Shields
 + Level 16.4 Unarmed Combat
 + Level 17.0 Spellcasting
 + Level 14.1 Conjurations
 + Level 14.1 Hexes
 + Level 14.1 Summonings
 + Level 14.1 Necromancy
 + Level 14.1 Translocations
 + Level 14.3 Transmutations
 + Level 14.1 Fire Magic
 + Level 14.1 Ice Magic
 + Level 14.1 Air Magic
 + Level 14.1 Earth Magic
 + Level 14.9 Poison Magic
 + Level 17.7 Invocations
 + Level 16.4 Evocations


You had 16 spell levels left.
You knew the following spells:

 Your Spells              Type           Power      Damage    Failure   Level
a - Borgnjor's Vile Clut  Necr/Erth      22%        N/A       16%         5
b - Mephitic Cloud        Conj/Pois/Air  44%        N/A       1%          3
c - Ignite Poison         Fire/Tmut/Pois 44%        N/A       1%          3
d - Olgreb's Toxic Radia  Pois           46%        N/A       4%          4
e - Poisonous Vapours     Pois/Air       90%        N/A       1%          2
f - Freezing Cloud        Conj/Ice/Air   22%        6-21      16%         5
g - Lightning Bolt        Conj/Air       22%        1d37      16%         5
h - Sting                 Tmut/Pois      100%       1d8       1%          1
A - Passwall              Tmut/Erth      36%        N/A       1%          2
B - Swiftness             Air            44%        N/A       1%          3
C - Passage of Golubria   Tloc           N/A        N/A       6%          4
D - Blink                 Tloc           N/A        N/A       1%          2
F - Portal Projectile     Hex/Tloc       88%        N/A       1%          3
Z - Apportation           Tloc           88%        N/A       1%          1

Your spell library contained the following spells:

 Spells                   Type           Power      Damage    Failure   Level
 Animate Skeleton         Necr           88%        N/A       1%          1
 Beastly Appendage        Tmut           88%        N/A       1%          1
 Corona                   Hex            48%        N/A       1%          1
 Magic Dart               Conj           100%       1d8       1%          1
 Sandblast                Erth           88%        2d18      1%          1
 Shock                    Conj/Air       100%       1d9       1%          1
 Summon Small Mammal      Summ           100%       N/A       1%          1
 Call Imp                 Summ           44%        N/A       1%          2
 Corpse Rot               Necr/Air       N/A        N/A       1%          2
 Searing Ray              Conj           88%        3d6       1%          2
 Slow                     Hex            44%        N/A       1%          2
 Static Discharge         Conj/Air       44%        N/A       1%          2
 Wereblood                Tmut           44%        N/A       1%          2
 Confusing Touch          Hex            44%        N/A       1%          3
 Conjure Flame            Conj/Fire      44%        6-21      1%          3
 Gell's Gravitas          Tloc           22%        N/A       1%          3
 Ozocubu's Armour         Ice            44%        N/A       1%          3
 Spider Form              Tmut/Pois      22%        N/A       1%          3
 Stone Arrow              Conj/Erth      88%        3d12      1%          3
 Vampiric Draining        Necr           22%        2d9       1%          3
 Airstrike                Air            22%        N/A       6%          4
 Cause Fear               Hex            22%        N/A       6%          4
 Hailstorm                Conj/Ice       44%        3d10      6%          4
 Ice Form                 Ice/Tmut       44%        N/A       6%          4
 Iskenderun's Mystic Bla  Conj/Tloc      44%        2d10      6%          4
 Petrify                  Tmut/Erth      44%        N/A       6%          4
 Agony                    Necr           44%        N/A       16%         5
 Blade Hands              Tmut           22%        N/A       16%         5
 Bolt of Magma            Conj/Fire/Erth 22%        4d11      16%         5
 Iskenderun's Battlesphe  Conj           44%        2d10      16%         5
 Lee's Rapid Deconstruct  Erth           22%        3d13*     16%         5
 Metabolic Englaciation   Hex/Ice        22%        N/A       16%         5
 Eringya's Noxious Bog    Tmut/Pois      22%        N/A       56%         6
 Iron Shot                Conj/Erth      22%        9d5       63%         6
 Simulacrum               Ice/Necr       22%        N/A       63%         6
 Malign Gateway           Summ/Tloc      22%        N/A       99%         7
 Orb of Destruction       Conj           22%        9d9       99%         7
 Ozocubu's Refrigeration  Ice            22%        4d9       99%         7
 Spellforged Servitor     Conj/Summ      22%        N/A       99%         7
 Shatter                  Erth           22%        3d19*     100%        9


Dungeon Overview and Level Annotations

Branches:
Dungeon (15/15)            Temple (0/1) D:6            Lair (6/6) D:9
  Swamp (4/4) Lair:3       Spider (4/4) Lair:4        Slime (0/5) Lair:6
    Orc (2/2) D:12            Elf (3/3) Orc:2        Vaults (5/5) D:13
  Crypt (0/3) Vaults:3     Depths (3/5) D:15          IceCv (visited)
Volcano (visited)         Gauntlet (visited)

Altars:
Ashenzari
Elyvilon
Fedhas
Gozag
Hepliaklqana
Kikubaaqudgha
Nemelex Xobeh
Okawaru
Sif Muna
Trog
Wu Jian
Xom
Yredelemnul
Beogh

Shops:
D:5 ?   D:12 x   Orc:1 x   Orc:2 [*(:   Elf:1 !   Vaults:2 (   Vaults:4 *[[
Depths:1 *x

Portals:
Hell: Depths:1 Depths:2 Depths:3
Abyss: Depths:1
Pandemonium: Depths:2 Depths:3
Ziggurat: Depths:1

Annotations:
D:3 Grinder
D:5 exclusion: howler monkey, Menkaure
D:12 1 exclusion
Vaults:2 1 runed translucent door, Ytwedaku's ghost, adept MiFi
Depths:1 2 transporters, Ykhlado's ghost, veteran MiFi
Depths:2 exclusions: 2 doors and 1 more exclusion


Innate Abilities, Weirdness & Mutations

You have very sharp teeth.
Your uncanny sense of smell can sniff out nearby items.
Your experience applies equally to all skills.
You are partially covered in molten scales. (AC +2)
You are partially covered in slimy green scales. (AC +2)
You have an increased reservoir of magic. (+10% MP)
You are covered in fur. (AC +1)


Message History

a +0 chain mail; a cursed -2 club; a +0 flail; a +0 giant spiked club
Items here: ))) [ a +0 giant club x2; a +0 plate armour; a +0 dire flail
Things that are here:
a +0 ring mail; a cursed -3 morningstar You go up through the gate.
Welcome back to the Dungeon!
You see here a cursed -4 ring of slaying.
You see here an uncursed trident.
You climb downwards.
You climb downwards.
You see here an uncursed staff of wizardry.
You see here an uncursed staff of wizardry.
n - an uncursed staff of wizardry Drop what? 50/52 slots (_ for help) (? for menu, Esc to quit)
You drop a +5 kite shield.
You drop an uncursed ring of protection from fire.
You drop the ring of Isuudol {rCorr SInv Stlth+}.
You drop an uncursed ring of positive energy.
You drop an uncursed ring of protection from cold.
Save game and exit?
You pick up a manual of Crossbows and begin studying.
Your Charms skill lost 2 levels and is now at level 12!
Welcome back, ziltoidlt the Gnoll Venom Mage.
Ashenzari says: Partake of my vision.
Partake of my curse.
Press ? for a list of commands and other information.
Okay, then.
Are you sure you want to abandon this character and quit the game? (Confirm with "yes".)

..).###.........## #.##
..).####.....##.####..##
....[.##....###...###..##
#.#)#..#....# ###..###..#
#.#..#....#.# #### ######
..##.#..#.#.# ##.###..#.##
.###.#......# #...##.....#
.# #...####.# ##=...#.##.##
.# #..## #.## #@......##..#
####..#####..# ##[...###...#
..........#..####...###..###
..#.#...#.......##.####.##
#...###...#......#####...##
#.#.# ###....##.....#.....#
....# ###.........#.....#
....#####
##.##.....##...########
....[<..#
#.##......##.##......#


There were no monsters in sight!

Vanquished Creatures
  Mara (Depths:1)
  2 ancient liches (Vaults:4)
  Frederick (Vaults:2)
  Xtahua (Vaults:2)
  3 golden dragons
  3 liches
  2 tentacled monstrosities (Vaults:5)
  Rupert (D:12)
  The ghost of Adaoboim the Severer, an adept DDFi of Makhleb (Elf:2)
  2 deep elf master archers (Elf:3)
  3 deep elf blademasters
  8 titans
  2 quicksilver dragons
  Frances (D:12)
  The ghost of Wirphim the Geomancer, a journeyman DgEE (Spider:2)
  3 storm dragons
  A sphinx (Depths:1)
  3 thorn hunters
  7 tengu reavers
  3 shadow dragons
  2 azure jellies (Swamp:4)
  7 fire giants
  7 deep elf sorcerers
  6 ghost moths
  25 vault wardens
  3 iron dragons
  11 frost giants
  6 emperor scorpions
  3 orc warlords
  2 balrugs
  22 ironbound preservers
  A curse skull (Vaults:3)
  3 war gargoyles
  12 very ugly things
  7 deep elf elementalists
  18 stone giants
  A vampire knight (Depths:3)
  7 entropy weavers
  6 deep elf demonologists
  9 spark wasps
  A spark wasp (shapeshifter) (Elf:2)
  7 deep elf annihilators
  A minotaur (Gauntlet)
  A merfolk javelineer (Depths:2)
  A crystal guardian (Vaults:5)
  9 deep elf death magi
  9 ettins
  5 fire dragons
  A blizzard demon (Depths:3)
  A merfolk impaler (Depths:1)
  14 yaktaur captains
  11 deep elf high priests
  A jiangshi (Vaults:3)
  9 great orbs of eyes
  11 hydras
  14 ice dragons
  7 rakshasas
  7 centaur warriors
  45 vault guards
  5 catoblepae
  A death knight (Vaults:2)
  A two-headed ogre (shapeshifter) (Elf:2)
  3 ghost crabs
  4 shambling mangroves
  A removed queen ant (Spider:1)
  21 dancing weapons
  15 tengu warriors
  A satyr (shapeshifter) (Depths:2)
  8 deep troll shamans
  3 deep troll earth magi
  A vampire mage (Vaults:3)
  15 alligators
  13 ogre magi
  39 two-headed ogres
  A shock serpent (shapeshifter) (D:15)
  A removed queen ant (shapeshifter) (Elf:2)
  11 death yaks
  9 spriggan berserkers
  An orc high priest (Orc:2)
  4 sun demons
  3 soul eaters (Depths:3)
  16 deep elf knights
  The ghost of Zegy the Frost Mage, a novice OpIE of Nemelex Xobeh (D:9)
  4 shadow wraiths
  4 skeletal warriors
  5 iron trolls
  A flayed ghost (Vaults:2)
  2 swamp dragons
  27 deep trolls
  2 unseen horrors
  A fire crab (shapeshifter) (D:15)
  A quicksilver dragon simulacrum (Depths:3)
  A spriggan druid (Swamp:3)
  4 hell knights (Depths:3)
  6 glowing orange brains
  16 orc knights
  23 ironbound convokers
  9 deep elf archers
  A harpy (shapeshifter) (Vaults:2)
  4 necromancers
  Pikel (D:7)
  8 harpies (Vaults:4)
  5 phantasmal warriors
  A spectral wolf spider (Spider:2)
  5 wizards
  41 deep elf pyromancers
  2 wolf spider zombies
  A faun (shapeshifter) (Vaults:4)
  3 manticores
  2 cyclopes
  6 orc sorcerers
  16 orb spiders
  3 oklob plants (Lair:6)
  7 moths of wrath
  39 wolf spiders
  A tengu skeleton (Vaults:4)
  A frost giant skeleton (Vaults:4)
  37 slime creatures
  56 ugly things
  2 moths of wrath (shapeshifter) (Elf:2)
  3 elephants (Lair:4)
  4 black mambas
  3 salamanders (Volcano)
  2 ice statues
  9 rust devils
  2 large abominations (Elf:1)
  2 centaur zombies (D:11)
  A black mamba (shapeshifter) (Depths:1)
  18 vault sentinels
  2 gargoyles
  Maggie (D:6)
  8 cane toads
  A minotaur zombie (Gauntlet)
  3 rime drakes
  A yaktaur (shapeshifter) (Vaults:5)
  47 yaktaurs
  12 freezing wraiths
  5 komodo dragons
  4 efreet (Depths:3)
  3 ice devils (Depths:3)
  A spectral redback (Spider:2)
  A hellwing (Depths:2)
  9 trolls
  A troll (shapeshifter) (D:14)
  A queen bee (D:9)
  9 demonic crawlers
  A red devil (Depths:3)
  A human skeleton (Vaults:4)
  6 tengu conjurers
  32 jumping spiders
  2 spectral jumping spiders (Spider:2)
  9 tyrant leeches
  A wind drake (shapeshifter) (D:14)
  19 polar bears
  A blink frog (shapeshifter) (Vaults:2)
  10 bog bodies
  A spectral tarantella (Spider:2)
  18 hornets
  A tyrant leech (shapeshifter) (D:15)
  A removed hippogriff (shapeshifter) (Elf:2)
  6 dream sheep (Lair:6)
  19 blink frogs
  A meliai zombie (D:13)
  12 removed hippogriffs
  80 redbacks
  5 water elementals
  Sigmund (D:6)
  7 shadows
  2 air elementals (Elf:2)
  A centaur simulacrum (D:15)
  4 spriggans
  8 wyverns
  35 tarantellas
  4 wraiths (Depths:3)
  2 tarantellas (shapeshifter)
  5 flying skulls
  A hog (shapeshifter) (Vaults:1)
  A golden eye (shapeshifter) (D:15)
  53 yaks
  A basilisk (Lair:4)
  6 fire bats (Volcano)
  A steam dragon (shapeshifter) (Elf:2)
  A chaos spawn (Depths:2)
  A steam dragon (Volcano)
  2 spectral orb spiders (Spider:2)
  7 vampire mosquitoes (Swamp:3)
  3 swamp worm simulacra (Swamp:4)
  2 fire elementals
  6 wargs
  A swamp worm (shapeshifter) (Elf:2)
  6 insubstantial wisps (Swamp:4)
  A removed soldier ant (shapeshifter) (Vaults:5)
  14 removed soldier ants (Spider:1)
  An acid dragon (shapeshifter) (Elf:2)
  3 hell hounds (Depths:3)
  13 hydra simulacra (Swamp:4)
  12 swamp worms
  3 acid dragons
  10 water moccasins
  Duvessa (D:6)
  A floating eye (shapeshifter) (Depths:1)
  15 removed porcupines
  A floating eye (Depths:3)
  A deep troll skeleton (Vaults:4)
  A hornet zombie (D:14)
  3 jumping spider simulacra (Spider:2)
  3 black bears
  54 orc warriors
  5 sky beasts
  2 necrophages
  3 phantoms
  3 swamp drakes
  An ettin simulacrum (Depths:3)
  An ice beast (D:6)
  34 wolves
  A boggart (Vaults:1)
  41 ogres
  8 centaurs
  14 removed crocodiles
  6 elf zombies
  A kobold brigand (D:7)
  18 bullfrogs
  2 gnoll sergeants
  Dowan (D:6)
  2 earth elementals (Elf:3)
  2 wyvern zombies
  A water moccasin zombie (D:8)
  9 scorpions
  15 killer bees
  14 wights
  5 electric eels
  3 howler monkeys
  7 crimson imps
  7 hounds
  2 jellies (D:8)
  29 orc priests
  A gnoll shaman (D:5)
  6 centaur skeletons
  A bullfrog skeleton (D:10)
  Natasha (thrice) (D:3)
  28 orc wizards
  4 iguanas
  24 removed worker ants
  A hound skeleton (D:8)
  8 gnolls
  A removed worker ant zombie (D:8)
  12 adders
  A howler monkey skeleton (D:4)
  6 shadow imps
  12 white imps (Lair:4)
  An endoplasm (D:4)
  5 swamp drake simulacra (Swamp:4)
  2 adder zombies
  4 worms
  2 dart slugs
  119 orcs
  7 removed leopard geckos
  7 giant cockroaches
  11 goblins
  9 hobgoblins
  4 jackals
  11 kobolds
  A quokka (D:9)
  13 bats
  4 frilled lizards
  A jackal skeleton (D:5)
  A quokka skeleton (D:7)
  12 rats
  A removed leopard gecko skeleton (D:8)
  3 plants
  2 removed crawling corpses (Elf:3)
2130 creatures vanquished.

Vanquished Creatures (others)
  A thorn hunter (Swamp:4)
  An alligator (Swamp:4)
  A quicksilver dragon simulacrum (Depths:3)
  A shining eye (shapeshifter) (Depths:3)
  A steam dragon (Volcano)
  2 swamp worms (Swamp:4)
  A floating eye (Depths:3)
  A removed slave (D:7)
  An ettin simulacrum (Depths:3)
  A centaur (Depths:2)
  A hound (D:11)
  A jelly (D:7)
  A giant cockroach (D:7)
  10 fungi
  28 plants
  9 withered plants (Gauntlet)
61 creatures vanquished.

Grand Total: 2191 creatures vanquished

Notes
Turn   | Place    | Note
-------+----------+-------------------------------------------
     0 | D:1      | ziltoidlt the Gnoll Venom Mage began the quest for the Orb.
     0 | D:1      | Reached XP level 1. HP: 13/13 MP: 6/6
   220 | D:1      | Reached XP level 2. HP: 18/19 MP: 5/7
   589 | D:1      | Reached XP level 3. HP: 25/25 MP: 7/9
   719 | D:1      | Reached skill level 5 in Spellcasting
   945 | D:1      | Learned a level 2 spell: Poisonous Vapours
   949 | D:1      | Learned a level 3 spell: Mephitic Cloud
   953 | D:1      | Learned a level 3 spell: Ignite Poison
  1081 | D:2      | Reached skill level 1 in Invocations
  1096 | D:2      | Found a faded altar of an unknown god.
  1101 | D:2      | Became a worshipper of Ashenzari the Shackled
  1101 | D:2      | Reached * piety under Ashenzari
  1275 | D:2      | Reached skill level 1 in Fighting
  1275 | D:2      | Reached skill level 1 in Short Blades
  1275 | D:2      | Reached skill level 1 in Long Blades
  1275 | D:2      | Reached skill level 1 in Axes
  1275 | D:2      | Reached skill level 1 in Maces & Flails
  1275 | D:2      | Reached skill level 1 in Polearms
  1275 | D:2      | Reached skill level 1 in Staves
  1275 | D:2      | Reached skill level 1 in Slings
  1275 | D:2      | Reached skill level 1 in Bows
  1275 | D:2      | Reached skill level 1 in Crossbows
  1275 | D:2      | Reached skill level 1 in Throwing
  1275 | D:2      | Reached skill level 1 in Armour
  1275 | D:2      | Reached skill level 1 in Shields
  1275 | D:2      | Reached skill level 1 in Unarmed Combat
  1275 | D:2      | Reached skill level 1 in Evocations
  1434 | D:2      | Found a blossoming altar of Fedhas.
  1473 | D:2      | Reached XP level 4. HP: 32/32 MP: 9/11
  2068 | D:3      | Noticed Grinder
  2182 | D:3      | Noticed Natasha
  2185 | D:3      | Killed Natasha
  2185 | D:3      | Reached skill level 1 in Conjurations
  2185 | D:3      | Reached skill level 1 in Hexes
  2185 | D:3      | Reached skill level 1 in Charms
  2185 | D:3      | Reached skill level 1 in Summonings
  2185 | D:3      | Reached skill level 1 in Necromancy
  2185 | D:3      | Reached skill level 1 in Translocations
  2185 | D:3      | Reached skill level 1 in Fire Magic
  2185 | D:3      | Reached skill level 1 in Ice Magic
  2185 | D:3      | Reached skill level 1 in Air Magic
  2185 | D:3      | Reached skill level 1 in Earth Magic
  2370 | D:3      | Reached XP level 5. HP: 37/37 MP: 10/12
  2376 | D:3      | Learned a level 4 spell: Olgreb's Toxic Radiance
  2465 | D:3      | Found a basalt altar of Yredelemnul.
  2471 | D:3      | Noticed Natasha
  2474 | D:3      | Killed Natasha
  2652 | D:3      | Noticed Natasha
  2657 | D:3      | Killed Natasha
  2749 | D:3      | Found a bloodstained altar of Trog.
  2774 | D:4      | Reached ** piety under Ashenzari
  2903 | D:4      | Reached XP level 6. HP: 30/44 MP: 3/13
  3557 | D:4      | Reached skill level 5 in Dodging
  3910 | D:5      | Entered Level 5 of the Dungeon
  4119 | D:5      | Reached XP level 7. HP: 31/50 MP: 15/15
  4332 | D:5      | Noticed Menkaure
  4519 | D:5      | Found With's Magic Scroll Shop.
  4523 | D:5      | Bought a scroll of amnesia for 42 gold pieces
  4523 | D:5      | Bought a scroll of identify for 24 gold pieces
  4523 | D:5      | Bought a scroll of identify for 24 gold pieces
  4523 | D:5      | Bought a scroll of identify for 24 gold pieces
  4524 | D:5      | Reached skill level 5 in Fighting
  4524 | D:5      | Reached skill level 5 in Short Blades
  4524 | D:5      | Reached skill level 5 in Long Blades
  4524 | D:5      | Reached skill level 5 in Axes
  4524 | D:5      | Reached skill level 5 in Maces & Flails
  4524 | D:5      | Reached skill level 5 in Polearms
  4524 | D:5      | Reached skill level 5 in Staves
  4524 | D:5      | Reached skill level 5 in Slings
  4524 | D:5      | Reached skill level 5 in Bows
  4524 | D:5      | Reached skill level 5 in Crossbows
  4524 | D:5      | Reached skill level 5 in Throwing
  4524 | D:5      | Reached skill level 5 in Armour
  4524 | D:5      | Reached skill level 5 in Shields
  4524 | D:5      | Reached skill level 5 in Unarmed Combat
  4524 | D:5      | Reached skill level 5 in Invocations
  4524 | D:5      | Reached skill level 5 in Evocations
  4524 | D:5      | Reached XP level 8. HP: 62/62 MP: 15/18
  4852 | D:5      | Found a white marble altar of Elyvilon.
  4854 | D:5      | Found a shattered altar of Ashenzari.
  4897 | D:5      | Reached XP level 9. HP: 53/68 MP: 5/20
  5404 | D:6      | Noticed Sigmund
  5407 | D:6      | Killed Sigmund
  5436 | D:6      | Noticed Maggie
  5447 | D:6      | Killed Maggie
  5447 | D:6      | Reached skill level 5 in Transmutations
  5514 | D:6      | Noticed Duvessa
  5518 | D:6      | Killed Duvessa
  5527 | D:6      | Noticed Dowan
  5532 | D:6      | Killed Dowan
  6290 | D:6      | Found a staircase to the Ecumenical Temple.
  6365 | D:6      | Found a shimmering blue altar of Sif Muna.
  6384 | D:6      | Found a sparkling altar of Nemelex Xobeh.
  6441 | D:7      | Noticed Pikel
  6457 | D:7      | Killed Pikel
  6544 | D:7      | Reached XP level 10. HP: 76/76 MP: 21/21
  6600 | D:7      | Found a shimmering altar of Xom.
  6951 | D:7      | Reached *** piety under Ashenzari
  7278 | D:8      | Noticed a two-headed ogre
  7293 | D:8      | Killed a two-headed ogre
  7675 | D:8      | Noticed a two-headed ogre
  7702 | D:8      | Killed a two-headed ogre
  7702 | D:8      | Reached skill level 5 in Conjurations
  7702 | D:8      | Reached skill level 5 in Hexes
  7702 | D:8      | Reached skill level 5 in Charms
  7702 | D:8      | Reached skill level 5 in Summonings
  7702 | D:8      | Reached skill level 5 in Necromancy
  7702 | D:8      | Reached skill level 5 in Translocations
  7702 | D:8      | Reached skill level 5 in Fire Magic
  7702 | D:8      | Reached skill level 5 in Ice Magic
  7702 | D:8      | Reached skill level 5 in Air Magic
  7702 | D:8      | Reached skill level 5 in Earth Magic
  8657 | D:9      | Reached XP level 11. HP: 73/81 MP: 7/23
  8991 | D:9      | Noticed Zegy's ghost (novice OpIE)
  8993 | D:9      | Found a transporter.
  8997 | D:9      | Found a transporter.
  9030 | D:9      | Killed Zegy's ghost
  9129 | D:9      | Got the uncursed plate armour of Mental Paralysis {rElec}
  9205 | D:9      | Found a staircase to the Lair.
  9472 | D:9      | Found a hazy altar of Hepliaklqana.
  9654 | Lair:1   | Entered Level 1 of the Lair of Beasts
  9688 | Lair:1   | Identified the cursed +1 trident "Qukotoq" {elec, Dex+2}
 10517 | Lair:1   | Noticed a seven-headed hydra
 10529 | Lair:1   | Killed a seven-headed hydra
 11219 | Lair:2   | Reached **** piety under Ashenzari
 11438 | Lair:2   | Learned a level 2 spell: Passwall
 11736 | Lair:2   | Reached XP level 12. HP: 91/91 MP: 20/24
 12295 | Lair:3   | Noticed an eight-headed hydra
 12318 | Lair:3   | Killed an eight-headed hydra
 13175 | Lair:3   | Noticed a catoblepas
 13187 | Lair:3   | Killed a catoblepas
 13264 | Lair:3   | Found a staircase to the Swamp.
 13871 | Lair:4   | Found a frozen archway.
 13970 | IceCv    | Entered an ice cave
 14491 | IceCv    | Gained mutation: You are somewhat resistant to further
                  | mutation. [potion of mutation]
 14936 | IceCv    | Upgraded the game from 0.26-a0-20-g5f92b90fa0 to
                  | 0.26-a0-21-gf97e55dc39
 14954 | IceCv    | Reached XP level 13. HP: 87/98 MP: 22/26
 15348 | IceCv    | Noticed a frost giant
 15357 | IceCv    | Killed a frost giant
 15536 | Lair:4   | Learned a level 5 spell: Metabolic Englaciation
 15578 | Lair:4   | Learned a level 3 spell: Swiftness
 15584 | Lair:4   | Learned a level 5 spell: Lightning Bolt
 15888 | Lair:4   | Learned a level 5 spell: Freezing Cloud
 16964 | Lair:4   | Found a hole to the Spider Nest.
 17073 | Lair:4   | Reached ***** piety under Ashenzari
 17291 | Lair:5   | Found a dark tunnel.
 17298 | Volcano  | Entered a volcano
 17316 | Volcano  | Reached skill level 10 in Spellcasting
 18271 | Volcano  | Noticed a fire dragon
 18288 | Volcano  | Killed a fire dragon
 18288 | Volcano  | Reached XP level 14. HP: 42/106 MP: 21/28
 18726 | Volcano  | Reached skill level 10 in Dodging
 19861 | Lair:6   | Entered Level 6 of the Lair of Beasts
 20150 | Lair:6   | Reached skill level 10 in Stealth
 20587 | Lair:6   | Found a staircase to the Slime Pits.
 20704 | Lair:6   | Reached skill level 10 in Invocations
 22206 | D:10     | Entered Level 10 of the Dungeon
 22228 | D:10     | Identified the +2 plate armour of Mental Paralysis {rElec}
                  | (You found it on level 9 of the Dungeon)
 23053 | D:10     | Reached XP level 15. HP: 114/114 MP: 26/29
 23343 | D:11     | Identified the Compendium of the Supportive Mountains
 24467 | D:12     | Noticed Rupert
 24524 | D:12     | Found Hastrotu's Food Emporium.
 24562 | D:12     | Noticed Frances
 24563 | D:12     | Upgraded the game from 0.26-a0-21-gf97e55dc39 to
                  | 0.26-a0-30-g56b8cd3df0
 25031 | D:12     | Found a staircase to the Orcish Mines.
 25810 | Spider:1 | Entered Level 1 of the Spider Nest
 25994 | Spider:1 | Reached skill level 10 in Poison Magic
 26422 | Spider:1 | Reached skill level 10 in Fighting
 26422 | Spider:1 | Reached skill level 10 in Short Blades
 26422 | Spider:1 | Reached skill level 10 in Long Blades
 26422 | Spider:1 | Reached skill level 10 in Axes
 26422 | Spider:1 | Reached skill level 10 in Maces & Flails
 26422 | Spider:1 | Reached skill level 10 in Polearms
 26422 | Spider:1 | Reached skill level 10 in Staves
 26422 | Spider:1 | Reached skill level 10 in Slings
 26422 | Spider:1 | Reached skill level 10 in Bows
 26422 | Spider:1 | Reached skill level 10 in Crossbows
 26422 | Spider:1 | Reached skill level 10 in Throwing
 26422 | Spider:1 | Reached skill level 10 in Armour
 26422 | Spider:1 | Reached skill level 10 in Shields
 26422 | Spider:1 | Reached skill level 10 in Unarmed Combat
 26422 | Spider:1 | Reached skill level 10 in Evocations
 26854 | Spider:1 | Reached ****** piety under Ashenzari
 27553 | Spider:2 | Noticed an emperor scorpion
 27708 | Spider:2 | Killed an emperor scorpion
 28203 | Spider:2 | Found a runed translucent gate.
 28205 | Spider:2 | Found a runed translucent gate.
 28205 | Spider:2 | Found a runed translucent gate.
 28208 | Spider:2 | Noticed Wirphim's ghost (journeyman DgEE)
 28260 | Spider:2 | Found a transporter.
 28306 | Spider:2 | Found a transporter.
 28330 | Spider:2 | Identified the ring of Isuudol {rCorr SInv Stlth+}
 28331 | Spider:2 | Identified the ring of Atheism {*Corrode rF+ Str+3 Dex+4
                  | Stlth+}
 29087 | Spider:3 | Noticed a ghost moth
 29122 | Spider:3 | Reached XP level 16. HP: 122/123 MP: 16/31
 30038 | Spider:3 | Identified a scroll of acquirement
 30045 | Spider:3 | Got the Collected Works on Virous Orientation
 30051 | Spider:3 | Learned a level 4 spell: Passage of Golubria
 30288 | Spider:3 | Reached XP level 17. HP: 127/129 MP: 32/32
 31058 | Spider:4 | Entered Level 4 of the Spider Nest
 33274 | Spider:4 | Identified the +0 pair of boots of Oqidelao {Harm rCorr
                  | Str-5 Stlth+}
 33368 | Spider:3 | Got the cursed halberd of the Lumpy Moons {freeze, +Inv}
 34187 | Orc:1    | Entered Level 1 of the Orcish Mines
 34345 | Orc:2    | Entered Level 2 of the Orcish Mines
 35087 | Orc:2    | Found a roughly hewn altar of Beogh.
 35134 | Orc:2    | Found Qisovacs's Book Boutique.
 35152 | Orc:2    | Found Isomus's Antique Weapon Boutique.
 35168 | Orc:2    | Found Jesilack's Antique Armour Boutique.
 35192 | Orc:2    | Reached XP level 18. HP: 133/138 MP: 23/34
 35197 | Orc:2    | Found Kavan's General Store.
 35205 | Orc:2    | Bought a scroll of holy word for 90 gold pieces
 35205 | Orc:2    | Bought a scroll of identify for 24 gold pieces
 35205 | Orc:2    | Bought a potion of might for 48 gold pieces
 35553 | Orc:2    | Found a staircase to the Elven Halls.
 35897 | Orc:1    | Found Yremaxko's Gadget Shop.
 36202 | Orc:2    | Bought a crude quick blade for 620 gold pieces
 36202 | Orc:2    | Bought a polished arbalest for 294 gold pieces
 36247 | Orc:1    | Bought a wand of paralysis (7) for 135 gold pieces
 36377 | D:12     | Paralysed by Rupert for 6 turns
 36390 | D:12     | Killed Rupert
 36390 | D:12     | Reached skill level 10 in Transmutations
 36577 | D:12     | Gained mutation: Scrolls take you a little longer to read.
                  | [a neqoxec]
 36580 | D:12     | Killed Frances
 36952 | D:13     | Found a gate to the Vaults.
 37797 | D:14     | Found a gate leading to a gauntlet.
 37799 | Gauntlet | Entered a Gauntlet
 37799 | Gauntlet | Found a transporter.
 37799 | Gauntlet | Found a transporter.
 37802 | Gauntlet | Found a transporter.
 37802 | Gauntlet | Found a transporter.
 37805 | Gauntlet | Found a transporter.
 37805 | Gauntlet | Found a transporter.
 37808 | Gauntlet | Identified the ring of Iseic {*Tele +Blink rElec MP+9 Str-5
                  | Int-4}
 37815 | Gauntlet | Found a transporter.
 37819 | Gauntlet | Found a transporter.
 37829 | Gauntlet | Found a transporter.
 37929 | Gauntlet | Found a transporter.
 37933 | Gauntlet | Found a transporter.
 37943 | Gauntlet | Found a transporter.
 38482 | Gauntlet | Identified the +4 chain mail of Vuehiweh {rElec MP+9 Str-2
                  | Int-5}
 38960 | D:14     | Reached skill level 10 in Conjurations
 38960 | D:14     | Reached skill level 10 in Hexes
 38960 | D:14     | Reached skill level 10 in Charms
 38960 | D:14     | Reached skill level 10 in Summonings
 38960 | D:14     | Reached skill level 10 in Necromancy
 38960 | D:14     | Reached skill level 10 in Translocations
 38960 | D:14     | Reached skill level 10 in Fire Magic
 38960 | D:14     | Reached skill level 10 in Ice Magic
 38960 | D:14     | Reached skill level 10 in Air Magic
 38960 | D:14     | Reached skill level 10 in Earth Magic
 39153 | D:14     | Identified the cursed +1 halberd of the Lumpy Moons
                  | {freeze, +Inv} (You found it on level 3 of the Spider Nest)
 39231 | D:14     | Found the cursed necklace of Bloodlust {*Rage +Rage MR++
                  | Int-3 Slay+6 *Curse}
 39388 | Orc:2    | Bought +2 acid dragon scales for 624 gold pieces
 39414 | Elf:1    | Entered Level 1 of the Elven Halls
 39818 | Elf:1    | Found Oghoache's Distillery.
 39824 | Elf:1    | Learned a level 2 spell: Blink
 39830 | Elf:1    | Bought a potion of heal wounds for 80 gold pieces
 40109 | Elf:1    | Identified Taota's Guide on Unholy Magic
 40532 | Elf:2    | Found a transporter.
 40542 | Elf:2    | Found a transporter.
 40545 | Elf:2    | Noticed Adaoboim's ghost (adept DDFi)
 40546 | Elf:2    | Identified the ring of Geupn {rC+ Dex+4}
 40720 | Elf:2    | Found a runed translucent gate.
 40727 | Elf:2    | Found a runed translucent gate.
 40729 | Elf:2    | Found a runed translucent gate.
 40971 | Elf:2    | Noticed a deep elf blademaster
 40982 | Elf:2    | Killed a deep elf blademaster
 41507 | Elf:2    | Reached XP level 19. HP: 118/146 MP: 34/35
 42145 | Elf:3    | Entered Level 3 of the Elven Halls
 42627 | Elf:3    | Found a portal to a secret trove of treasure.
 42636 | Trove    | Entered a treasure trove
 42640 | Trove    | Identified the cursed +0 pair of boots of the Everdark
                  | {+Blink}
 42641 | Trove    | Found the cursed +2 cloak of the Thief {+Fog Slay-2 SInv
                  | Stlth+}
 42666 | Trove    | Got the uncursed gold dragon scales of the Shining Light
                  | {rPois rF+ rC+ MR++}
 42677 | Trove    | Identified the +12 gold dragon scales of the Shining Light
                  | {rPois rF+ rC+ MR++} (You found it in a treasure trove)
 42685 | Trove    | Got the cursed pair of gloves "Giynt" {rCorr Str+3}
 42706 | Trove    | Got the cursed scale mail of Death Resistance {rC++ MR+
                  | Str+4}
 42720 | Trove    | Got the uncursed chain mail of Honesty {rF+ rN+ MP-9}
 42742 | Elf:3    | Identified the cursed +0 pair of gloves "Giynt" {rCorr
                  | Str+3} (You found it in a treasure trove)
 42744 | Elf:3    | Identified the cursed +2 scale mail of Death Resistance
                  | {rC++ MR+ Str+4} (You found it in a treasure trove)
 42754 | Elf:3    | Identified the +0 chain mail of Honesty {rF+ rN+ MP-9} (You
                  | found it in a treasure trove)
 42772 | Elf:3    | Lost mutation: Scrolls take you a little longer to read.
                  | [potion of mutation]
 42772 | Elf:3    | Lost mutation: You are somewhat resistant to further
                  | mutation. [potion of mutation]
 42772 | Elf:3    | Gained mutation: You have a somewhat thin skeletal
                  | structure. (Dex +2, Stealth+) [potion of mutation]
 42772 | Elf:3    | Gained mutation: Armour fits poorly on your strangely
                  | shaped body. [potion of mutation]
 42772 | Elf:3    | Gained mutation: You are partially covered in icy blue
                  | scales. (AC +2) [potion of mutation]
 42773 | Elf:3    | Lost mutation: You are partially covered in icy blue
                  | scales. (AC +2) [potion of mutation]
 42773 | Elf:3    | Gained mutation: Your mind is acute. (Int +2) [potion of
                  | mutation]
 42773 | Elf:3    | Gained mutation: Your mind is very acute. (Int +4) [potion
                  | of mutation]
 42773 | Elf:3    | Gained mutation: You have a pair of small horns on your
                  | head. [potion of mutation]
 42773 | Elf:3    | Gained mutation: You evolve. [potion of mutation]
 43223 | Swamp:1  | Entered Level 1 of the Swamp
 43620 | Swamp:1  | Lost mutation: Your mind is very acute. (Int +4)
                  | [evolution]
 45281 | Swamp:2  | Found an ornate altar of the Wu Jian Council.
 46688 | Swamp:4  | Entered Level 4 of the Swamp
 46753 | Swamp:3  | Lost mutation: You evolve. [potion of mutation]
 46753 | Swamp:3  | Lost mutation: Your mind is acute. (Int +2) [potion of
                  | mutation]
 46753 | Swamp:3  | Lost mutation: You have a pair of small horns on your head.
                  | [potion of mutation]
 46753 | Swamp:3  | Gained mutation: You are covered in fur. (AC +1) [potion of
                  | mutation]
 46753 | Swamp:3  | Gained mutation: You have an increased reservoir of magic.
                  | (+10% MP) [potion of mutation]
 46766 | Swamp:4  | Paralysed by a hornet for 3 turns
 48181 | D:15     | Entered Level 15 of the Dungeon
 48559 | D:15     | Found a staircase to the Depths.
 48954 | D:15     | Found an opulent altar of Gozag.
 50405 | Swamp:4  | Got a decaying rune of Zot
 50700 | Spider:2 | Killed Wirphim's ghost
 50700 | Spider:2 | Reached XP level 20. HP: 155/155 MP: 37/41
 51068 | Spider:2 | Identified the ring "Ferussok" {+Inv rElec rPois Stlth+}
 51719 | Spider:4 | Got a gossamer rune of Zot
 52429 | Elf:1    | Bought a potion of haste for 160 gold pieces
 52429 | Elf:1    | Bought 2 potions of cancellation for 256 gold pieces
 52429 | Elf:1    | Bought 2 potions of mutation for 256 gold pieces
 52429 | Elf:1    | Bought a potion of haste for 160 gold pieces
 52429 | Elf:1    | Lost mutation: Armour fits poorly on your strangely shaped
                  | body. [potion of mutation]
 52429 | Elf:1    | Lost mutation: You have a somewhat thin skeletal structure.
                  | (Dex +2, Stealth+) [potion of mutation]
 52429 | Elf:1    | Gained mutation: You are partially covered in molten
                  | scales. (AC +2) [potion of mutation]
 52429 | Elf:1    | Gained mutation: You are partially covered in slimy green
                  | scales. (AC +2) [potion of mutation]
 52479 | Elf:3    | Cast into level 3 of the Abyss (+4 halberd of distortion)
 52492 | Elf:3    | Escaped the Abyss
 52870 | Elf:2    | Killed Adaoboim's ghost
 53405 | Elf:3    | Identified the cursed +1 scimitar of Ointment {flame,
                  | Str+3}
 53763 | Elf:3    | Identified the +3 ring mail of Snakes and Ladders {+Fly
                  | rPois rF- rN++}
 53769 | Elf:3    | Found the +4 robe of Augmentation {Str+4 Int+4 Dex+4}
 53813 | Elf:3    | Identified the ring of Xom's Righteous Anger {rF- rN++
                  | Str+6 Int+2}
 54004 | Elf:3    | Identified the Tome of Clay and Dark Secrets
 54491 | Vaults:1 | Entered Level 1 of the Vaults
 54809 | Vaults:1 | Reached XP level 21. HP: 162/162 MP: 33/42
 56992 | Vaults:2 | Noticed Frederick
 57014 | Vaults:2 | Killed Frederick
 57452 | Vaults:2 | Identified the Almanac of Attacks and the Rocks
 57461 | Vaults:2 | Learned a level 4 spell: Hailstorm
 57564 | Vaults:2 | Noticed Xtahua
 57591 | Vaults:2 | Killed Xtahua
 57754 | Vaults:2 | Found a runed translucent door.
 57754 | Vaults:2 | Found a shimmering altar of Xom.
 57754 | Vaults:2 | Noticed Ytwedaku's ghost (adept MiFi)
 57834 | Vaults:2 | Reached skill level 15 in Invocations
 57896 | Vaults:2 | Reached XP level 22. HP: 171/171 MP: 37/44
 58276 | Vaults:2 | Found Ewnen's Antique Weapon Emporium.
 59358 | Vaults:3 | Found a staircase to the Crypt.
 61209 | Vaults:2 | Learned a level 5 spell: Borgnjor's Vile Clutch
 61260 | Vaults:4 | Found Gozag's Antique Armour Shoppe.
 61370 | Vaults:4 | Found an opulent altar of Gozag.
 61405 | Vaults:4 | Reached skill level 15 in Spellcasting
 61585 | Vaults:4 | Found Gozag's Assorted Antiques.
 61588 | Vaults:4 | Found Gozag's Antique Armour Emporium.
 62137 | Vaults:4 | Reached skill level 15 in Dodging
 62580 | Vaults:4 | Reached XP level 23. HP: 160/179 MP: 43/46
 62645 | Vaults:4 | Reached skill level 15 in Stealth
 63995 | Vaults:5 | Entered Level 5 of the Vaults
 63997 | Vaults:5 | Noticed an ancient lich
 63998 | Vaults:5 | Noticed an ancient lich
 64026 | Vaults:4 | Killed an ancient lich
 64227 | Vaults:5 | Noticed a golden dragon
 64253 | Vaults:5 | Killed a golden dragon
 64898 | Vaults:4 | Found Gozag's Assorted Antiques.
 64901 | Vaults:4 | Found Gozag's Antique Armour Shoppe.
 64901 | Vaults:4 | Found an opulent altar of Gozag.
 64955 | Vaults:4 | Found Gozag's Antique Armour Emporium.
 65661 | Vaults:4 | Killed an ancient lich
 65876 | Vaults:4 | Reached skill level 15 in Fighting
 65876 | Vaults:4 | Reached skill level 15 in Short Blades
 65876 | Vaults:4 | Reached skill level 15 in Long Blades
 65876 | Vaults:4 | Reached skill level 15 in Axes
 65876 | Vaults:4 | Reached skill level 15 in Maces & Flails
 65876 | Vaults:4 | Reached skill level 15 in Polearms
 65876 | Vaults:4 | Reached skill level 15 in Staves
 65876 | Vaults:4 | Reached skill level 15 in Slings
 65876 | Vaults:4 | Reached skill level 15 in Bows
 65876 | Vaults:4 | Reached skill level 15 in Crossbows
 65876 | Vaults:4 | Reached skill level 15 in Throwing
 65876 | Vaults:4 | Reached skill level 15 in Armour
 65876 | Vaults:4 | Reached skill level 15 in Shields
 65876 | Vaults:4 | Reached skill level 15 in Unarmed Combat
 65876 | Vaults:4 | Reached skill level 15 in Evocations
 66473 | Vaults:5 | Found Udeud's Armour Shoppe.
 66676 | Vaults:5 | Reached XP level 24. HP: 188/188 MP: 34/46
 67481 | Vaults:5 | Identified the cursed +2 hand axe of Mopte {speed, Str-2
                  | Int+3 Dex+3}
 67632 | Vaults:5 | Got a silver rune of Zot
 67633 | Vaults:5 | Identified the Catalogue of the Invisible Scars
 68499 | Vaults:5 | Identified the Papyrus of Creative Dislocation
 68503 | Vaults:5 | Learned a level 7 spell: Summon Butterflies
 68508 | Vaults:5 | Learned a level 3 spell: Portal Projectile
 68768 | Vaults:5 | Upgraded the game from 0.26-a0-30-g56b8cd3df0 to
                  | 0.26-a0-50-gc4d14cd842
 68827 | Vaults:4 | Upgraded the game from 0.26-a0-50-gc4d14cd842 to
                  | 0.26-a0-52-gd53d4cd058
 69133 | Depths:1 | Entered Level 1 of the Depths
 69133 | Depths:1 | Found a transporter.
 69550 | Depths:1 | Noticed Ykhlado's ghost (veteran MiFi)
 69552 | Depths:1 | Identified the ring "Hefaum" {+Blink rElec rPois rC+ Int-2}
 69553 | Depths:1 | Identified the +4 rapier "Beastbane" {distort, rN+ Dex+2}
 69789 | Depths:1 | Identified the cursed +0 ring mail of the Shining Light
                  | {rC+}
 69923 | Depths:1 | Found Cabbeig's Gadget Emporium.
 69923 | Depths:1 | Found Gicaoch's General Store.
 70054 | Depths:1 | Found a gateway to a ziggurat.
 70059 | Depths:1 | Found a gateway to Hell.
 70406 | Depths:1 | Found a transporter.
 70436 | Depths:1 | Found a one-way gate to the infinite horrors of the Abyss.
 70716 | Depths:2 | Reached XP level 25. HP: 154/195 MP: 37/47
 71645 | Depths:2 | Noticed Mara
 72648 | Depths:2 | Noticed ziltoidlt's illusion
 72774 | Depths:2 | Noticed ziltoidlt's illusion
 72943 | Depths:2 | Noticed ziltoidlt's illusion
 73024 | Depths:1 | Noticed ziltoidlt's illusion
 73034 | Depths:1 | Noticed ziltoidlt's illusion
 73047 | Depths:1 | Noticed ziltoidlt's illusion
 73075 | Depths:1 | Noticed ziltoidlt's illusion
 73079 | Depths:1 | Killed Mara
 73740 | Depths:2 | Found a one-way gate leading to the halls of Pandemonium.
 74432 | Depths:3 | Learned a level 1 spell: Apportation
 74447 | Depths:3 | Found a hazy altar of Hepliaklqana.
 74574 | Depths:3 | Identified the +0 spear "ziltoidlt's Foe" {vamp, *Noise rN+
                  | Str+7 Dex-2 Stlth+}
 74574 | Depths:3 | Identified the +1 robe of the Other World {Dex+4}
 75300 | Depths:3 | Found the brooch of Shielding {Spirit SH+8}
 75406 | Depths:3 | Reached XP level 26. HP: 170/205 MP: 36/48
 75590 | Depths:3 | Found an ornate altar of the Wu Jian Council.
 76366 | Depths:3 | Found an iron altar of Okawaru.
 77116 | Depths:3 | Found an ancient bone altar of Kikubaaqudgha.
 77490 | Vaults:4 | Bought the +10 tower shield of Ignorance {rN+ Int-4} for
                  | 5730 gold pieces
 77490 | Vaults:4 | Found the +10 tower shield of Ignorance {rN+ Int-4}
 77779 | D:15     | Upgraded the game from 0.26-a0-52-gd53d4cd058 to
                  | 0.27-a0-1324-ge0d8e047f6
 77779 | D:15     | Quit the game

Illustrated notes

Levels and vault maps discovered:
D:1:      psy_arrival_fountain, layout_rooms
D:2:      layout_basic, nicolae_overflow_crystal_walls,
          chequers_ecumenical_altar_grove
D:3:      layout_basic, lemuel_round_altar, yredelemnul_altar_generic,
          serial_rivers, chequers_serial_rivers_small_a,
          chequers_serial_rivers_micro_e, chequers_serial_rivers_large_a,
          chequers_serial_rivers_small_a, chequers_serial_rivers_small_b,
          chequers_serial_rivers_micro_a, nrook_mini_backslash, uniq_natasha,
          uniq_grinder
D:4:      kennysheep_big_flooded_room, layout_basic, st_stairs_8,
          serial_bayou_pond_d, chequers_decorated_corner
D:5:      minmay_angry_zag, layout_loops_ring, grunt_temple_overflow_open,
          serial_shops, shop, first_ration, minmay_joined_circles, uniq_menkaure
D:6:      layout_cave_pools, kennysheep_mini, minmay_temple_entry_poolview,
          corexii_item_surrounded_by_moat, nemelex_diamond_rough_becter,
          uniq_sigmund, uniq_duvessa, uniq_maggie
D:7:      lemuel_ice_spiral_2, layout_basic, basic_altar, the_bakery, uniq_pikel
D:8:      layout_basic
D:9:      layout_rooms, marbit_many_paths, grunt_lair_entry_orc_guard_hut,
          gammafunk_ghost_hive, kennysheep_generic_room_9
D:10:     layout_roguey, serial_bayou_pond_b
D:11:     minmay_general_purpose_star, layout_basic, serial_bayou,
          serial_bayou_pond_a, serial_bayou_shore_a, serial_bayou_lagoon_a,
          serial_bayou_pond_c
D:12:     layout_stronghold, hiddenorc2_lemuel, serial_shops,
          nicolae_shop_crystal, uniq_frances, uniq_rupert
D:13:     layout_loops_ring, erik_vaults_2
D:14:     layout_stronghold, gauntlet_entry_generic,
          eino_small_chamber_without_monster
D:15:     gammafunk_enter_depths_forms, layout_rooms,
          nicolae_gozag_cash_rules_everything_around_me
Lair:1:   layout_regular_city
Lair:2:   layout_long_grid
Lair:3:   layout_regular_city, skrybe_swamp_entry_bodies, st_stairs_10,
          beast_lair_carwin_10, lemuel_fruit_fields, lemuel_fruit_tree
Lair:4:   layout_cellular_growth, nicolae_spider_entry_tight_spaces,
          portal_ice_cave_entry_imps, chequers_serial_rivers_marsh,
          infiniplex_staircase_pool, grunt_megastairs_1
Lair:5:   layout_loops_ring, nicolae_volcano_entry_two_sided, minivault_23,
          chequers_serial_rivers_small_3, grunt_forest_stairs_clearing,
          serial_bayou_shore_b
Lair:6:   evilmike_catoblepas_cave, layout_regular_city,
          minmay_slime_entry_oklob_open
Swamp:1:  layout_falls_marsh, serial_swamp_ruin, evilmike_swamp_ruin_house_6,
          evilmike_swamp_ruin_house_3, swamp_pool1
Swamp:2:  layout_basic_swamp, nicolae_swamp_godswood
Swamp:3:  layout_basic_swamp, nicolae_swamp_round_clearing,
          infiniplex_staircase_pool_2
Swamp:4:  swamp_icy, layout_basic_swamp
Spider:1: layout_spider_delve, zaba_antful_of_joy
Spider:2: gammafunk_its_a_trap, gammafunk_ghost_necromancy, drop_trap,
          nicolae_spider_stair_cavern
Spider:3: layout_chambers
Spider:4: grunt_spider_rune_circles
Orc:1:    layout_caves, serial_shops, nicolae_shop_stone
Orc:2:    grunt_orc_cross, layout_caves, statue_in_the_mist_lemuel
Elf:1:    elf_arrival_001, layout_loops_cross, serial_shops, shop,
          minmay_elf_necromancy, minmay_fountain_box
Elf:2:    layout_rooms, gammafunk_ghost_berserking_beasts
Elf:3:    minmay_elf_hall_quartered_circle, layout_gridlike,
          nicolae_trove_entry_crystal, drop_trap, solitary_fountain
Vaults:1: nicolae_vaults_network_quincunx
          [nicolae_vaults_network_quincunx_subvault,
          nicolae_vaults_network_quincunx_subvault,
          nicolae_vaults_network_quincunx_subvault,
          nicolae_vaults_network_quincunx_subvault,
          nicolae_vaults_network_quincunx_subvault], v_misc_30,
          vaults_dpeg_spiral, vaults_room_pools, vaults_dpeg_hooks,
          vaults_room_fours, nicolae_vaults_mini_display_case,
          vaults_room_semicircle, st_spiral_rooms, v_misc_3,
          nicolae_vaults_big_ls, v_misc_14, layout_vaults_maze_snakey
Vaults:2: ebering_vaults_ghost_xom, nicolae_vaults_meeting,
          nicolae_vaults_back_hallway, grunt_vaults_focal, grunt_vaults_twisty,
          nicolae_vaults_little_squares_3, ontoclasm_vaults_misaligned,
          nicolae_vaults_theta, nicolae_vaults_rhombus_7,
          ontoclasm_vaults_tryst, ontoclasm_vaults_decontamination,
          nicolae_vaults_what_the_h, layout_vaults_omnibox, serial_shops,
          nicolae_shop_statue_plus, uniq_xtahua, uniq_frederick
Vaults:3: minmay_crypt_entry_simple_sparse, hangedman_vaults_locks,
          nicolae_vaults_alarming, ontoclasm_vaults_twist, v_misc_28, v_misc_18,
          layout_vaults_quadrants
Vaults:4: v_misc_23, nicolae_vaults_twisting_passages,
          nicolae_vaults_angled_halls, ontoclasm_vaults_fault,
          kennysheep_vaults_gozag_temple, v_misc_3, hangedman_vaults_trim,
          nicolae_vaults_angled_halls, grunt_vaults_trifunnel,
          ontoclasm_vaults_chip, vaults_room_corners,
          nicolae_vaults_little_squares_6, layout_vaults_ring
Vaults:5
Depths:1: layout_gridlike, enter_ziggurat_e, gammafunk_ghost_abyssal_escape,
          hell_entry, hangedman_decor_riveting, minmay_shoptagon,
          serial_bayou_shore_b
Depths:2: cheibrodos_salmonella, layout_cross, nicolae_water_bricks,
          rand_demon_pan_entry_7, hell_entry, minmay_liquid_box,
          grunt_megastairs_2, serial_bayou_shore_b,
          infiniplex_staircase_pool_lava, uniq_mara
Depths:3: grunt_profane_halls [grunt_profane_temple_geh,
          grunt_profane_temple_dis, grunt_profane_temple_coc,
          grunt_profane_temple_tar, grunt_profane_loot], hell_entry, pan_entry

Skill      XL: |  1  2  3  4  5  6  7  8  9 10 11 12 13 14 15 16 17 18 19 20 21 22 23 24 25 26 |
---------------+-------------------------------------------------------------------------------+-----
Transmutations | 2 4 5 6 7 8 9 10 11 12 13 14 | 14.3
Spellcasting   | 5 7 8 9 10 11 12 13 14 15 16 17 | 17.0
Invocations    | 1 2 5 6 7 8 9 10 11 12 13 14 15 16 17 | 17.7
Fighting       | 1 2 5 6 7 8 9 10 11 12 13 14 15 16 | 16.4
Short Blades   | 1 2 5 6 7 8 9 10 11 12 13 14 15 16 | 16.4
Long Blades    | 1 2 5 6 7 8 9 10 11 12 13 14 15 16 | 16.4
Axes           | 1 2 5 6 7 8 9 10 11 12 13 14 15 16 | 16.4
Maces & Flails | 1 2 5 6 7 8 9 10 11 12 13 14 15 16 | 16.4
Polearms       | 1 2 5 6 7 8 9 10 11 12 13 14 15 16 | 16.4
Staves         | 1 2 5 6 7 8 9 10 11 12 13 14 15 16 | 16.4
Slings         | 1 2 5 6 7 8 9 10 11 12 13 14 15 16 | 16.4
Bows           | 1 2 5 6 7 8 9 10 11 12 13 14 15 16 | 16.4
Crossbows      | 1 2 5 6 7 8 9 10 11 12 13 14 15 17 | 17.3
Throwing       | 1 2 5 6 7 8 9 10 11 12 13 14 15 16 | 16.4
Armour         | 1 2 5 6 7 8 9 10 11 12 13 14 15 16 | 16.4
Shields        | 1 2 5 6 7 8 9 10 11 12 13 14 15 16 | 16.4
Unarmed Combat | 1 2 5 6 7 8 9 10 11 12 13 14 15 16 | 16.4
Evocations     | 1 2 5 6 7 8 9 10 11 12 13 14 15 16 | 16.4
Conjurations   | 1 4 5 6 7 8 9 10 11 12 13 14 | 14.1
Hexes          | 1 4 5 6 7 8 9 10 11 12 13 14 | 14.1
Charms         | 1 4 5 6 7 8 9 10 11 12 13 14 12 |  0.0
Summonings     | 1 4 5 6 7 8 9 10 11 12 13 14 | 14.1
Necromancy     | 1 4 5 6 7 8 9 10 11 12 13 14 | 14.1
Translocations | 1 4 5 6 7 8 9 10 11 12 13 14 | 14.1
Fire Magic     | 1 4 5 6 7 8 9 10 11 12 13 14 | 14.1
Ice Magic      | 1 4 5 6 7 8 9 10 11 12 13 14 | 14.1
Air Magic      | 1 4 5 6 7 8 9 10 11 12 13 14 | 14.1
Earth Magic    | 1 4 5 6 7 8 9 10 11 12 13 14 | 14.1
Dodging        | 5 6 7 8 9 10 11 12 13 14 15 16 | 16.9
Stealth        | 6 7 8 9 10 11 12 13 14 15 16 | 16.8
Poison Magic   | 7 8 9 10 11 12 13 14 | 14.9

Action                   |  1- 3 |  4- 6 |  7- 9 | 10-12 | 13-15 | 16-18 | 19-21 | 22-24 | 25-27 || total
-------------------------+-------+-------+-------+-------+-------+-------+-------+-------+-------++-------
Melee: Short sword       |    20 |       |       |       |       |       |       |       |       ||    20
       Unarmed           |     2 |       |       |       |       |       |       |       |       ||     2
       Bite              |     4 |    10 |    21 |    50 |    56 |    74 |   155 |   229 |    92 ||   691
       Dagger            |    15 |    75 |   145 |   244 |       |       |       |       |       ||   479
       Punch             |       |       |     2 |       |       |       |       |       |       ||     2
       Trident           |       |       |       |   294 |   227 |       |       |       |       ||   521
       Demon trident     |       |       |       |       |   342 |   623 |  1129 |  1264 |   517 ||  3875
       Headbutt          |       |       |       |       |       |       |    47 |       |       ||    47
 Fire: Fustibalus        |       |       |       |       |   132 |   270 |   150 |   122 |   123 ||   797
Throw: Stone             |       |       |    17 |    56 |       |       |       |       |       ||    73
       Javelin           |       |       |     2 |    14 |    14 |       |       |       |       ||    30
       Boomerang         |       |       |       |    58 |    38 |    73 |   172 |   102 |   220 ||   663
       Dart              |       |       |       |       |     3 |       |       |       |       ||     3
 Cast: Sting             |    44 |    22 |    18 |    47 |    43 |     2 |     2 |       |       ||   178
       Poisonous Vapours |     2 |    28 |    30 |   122 |   232 |   282 |   212 |   188 |   126 ||  1222
       Ignite Poison     |       |     1 |     9 |    23 |    68 |    44 |    78 |    57 |    39 ||   319
       Mephitic Cloud    |       |       |     7 |    16 |    23 |    14 |    24 |     2 |       ||    86
       Olgreb's Toxic Ra |       |       |     2 |    26 |    59 |    55 |    56 |    78 |    28 ||   304
       Freezing Cloud    |       |       |       |       |     6 |       |     6 |    12 |    13 ||    37
       Swiftness         |       |       |       |       |     9 |       |     4 |     4 |     1 ||    18
       Metabolic Englaci |       |       |       |       |     3 |       |       |       |       ||     3
       Passwall          |       |       |       |       |     4 |     7 |     2 |       |       ||    13
       Lightning Bolt    |       |       |       |       |     4 |     7 |     5 |       |       ||    16
       Passage of Golubr |       |       |       |       |       |    14 |    16 |     6 |     8 ||    44
       Hailstorm         |       |       |       |       |       |       |     2 |     9 |       ||    11
       Blink             |       |       |       |       |       |       |       |     2 |       ||     2
       Summon Butterflie |       |       |       |       |       |       |       |     1 |       ||     1
       Borgnjor's Vile C |       |       |       |       |       |       |       |       |    34 ||    34
       Apportation       |       |       |       |       |       |       |       |       |     3 ||     3
       Portal Projectile |       |       |       |       |       |       |       |       |     1 ||     1
Invok: Curse Item        |     1 |     1 |     1 |     1 |     2 |       |     1 |       |     2 ||     9
       No ability        |       |       |       |       |     3 |     4 |       |       |       ||     7
 Abil: Evoke Flight      |       |       |     1 |       |       |       |     2 |       |       ||     3
       No ability        |       |       |       |       |     1 |       |     2 |       |       ||     3
       No ability        |       |       |       |       |       |       |    13 |    26 |    12 ||    51
       Evoke Invisibilit |       |       |       |       |       |       |     5 |     3 |     2 ||    10
Evoke: Wand              |       |       |       |     4 |    19 |       |     4 |     2 |     1 ||    30
       Phial of floods   |       |       |       |       |     1 |       |       |       |       ||     1
       Phantom mirror    |       |       |       |       |       |       |       |       |     1 ||     1
  Use: Scroll            |       |     4 |     7 |    14 |    12 |     4 |    11 |     4 |     2 ||    58
       Potion            |       |       |     1 |     3 |     8 |     6 |     7 |     9 |       ||    34
 Stab: Sleeping          |     2 |     7 |     2 |     3 |     5 |     5 |     1 |     1 |       ||    26
       Distracted        |       |       |       |     1 |       |     1 |     2 |       |       ||     4
       Confused          |       |       |       |     2 |     1 |     4 |     3 |       |       ||    10
       Invisible         |       |       |       |       |       |     3 |    14 |     3 |     4 ||    24
       Held in net/web   |       |       |       |       |       |     3 |       |       |       ||     3
       Paralysed         |       |       |       |       |       |       |     2 |       |       ||     2
  Eat: Removed food      |     2 |     8 |     8 |    19 |    21 |    16 |    25 |    44 |    23 ||   166
       Removed food      |       |       |       |     3 |    10 |     7 |    12 |     4 |     4 ||    40
Armor: Robe              |     6 |     1 |       |       |       |       |       |       |       ||     7
       Leather armour    |       |    15 |    11 |       |       |       |       |       |       ||    26
       Steam dragon scal |       |       |     7 |    83 |    21 |       |       |       |       ||   111
       Fire dragon scale |       |       |       |       |   145 |   119 |       |       |       ||   264
       Chain mail        |       |       |       |       |       |    51 |       |       |       ||    51
       Acid dragon scale |       |       |       |       |       |    43 |     9 |       |       ||    52
       Gold dragon scale |       |       |       |       |       |       |   344 |   426 |   176 ||   946
       Scale mail        |       |       |       |       |       |       |    39 |       |       ||    39
Dodge: Dodged            |    29 |    41 |    55 |   210 |   215 |   294 |   275 |   266 |   123 ||  1508
Block: Buckler           |       |       |     9 |    35 |       |       |       |       |       ||    44
       Kite shield       |       |       |       |   146 |   282 |   366 |   549 |   681 |   340 ||  2364

Table legend: (Time is in decaauts)
 A = Elapsed time spent in this place.
 B = Non-inter-level travel time spent in this place.
 C = Inter-level travel time spent in this place.
 D = Time resting spent in this place.
 E = Time spent auto-exploring this place.
 F = Levels seen in this place.
 G = Mean time per level.
                   A        B        C        D        E       F      G
               +--------+--------+--------+--------+--------+-----+--------+
         Total |  75885 |  70084 |   5801 |  23083 |  32519 |  47 | 1614.6 |
       Dungeon |  18246 |  16237 |   2009 |   3704 |   9381 |  15 | 1216.4 |
          Lair |   9678 |   8923 |    755 |   2842 |   4872 |   6 | 1613.0 |
         Swamp |   5181 |   4794 |    387 |   1409 |   2522 |   4 | 1295.2 |
   Spider Nest |   9500 |   8638 |    862 |   3969 |   2918 |   4 | 2375.0 |
  Orcish Mines |   2251 |   1969 |    282 |    598 |    829 |   2 | 1125.5 |
   Elven Halls |   5554 |   5042 |    512 |   1565 |   2258 |   3 | 1851.3 |
        Vaults |  14084 |  13261 |    823 |   4096 |   6497 |   5 | 2816.8 |
        Depths |   7408 |   7239 |    169 |   2867 |   2378 |   3 | 2469.3 |
         Abyss |     12 |     12 |      0 |      0 |      0 |   1 |   12.0 |
         Trove |     93 |     93 |      0 |      0 |      0 |   1 |   93.0 |
      Ice Cave |   1521 |   1521 |      0 |    894 |    219 |   1 | 1521.0 |
       Volcano |   1625 |   1625 |      0 |    873 |    395 |   1 | 1625.0 |
      Gauntlet |    726 |    726 |      0 |    261 |    248 |   1 |  726.0 |
               +--------+--------+--------+--------+--------+-----+--------+
